 Dungeon Crawl Stone Soup version 0.18-a0-1805-g8ab820f (webtiles) character file.

63423 ololoev the Severer (level 15, -1/204 HPs)
             Began as a Hill Orc Fighter on Apr 25, 2016.
             Was a High Priest of the Shining One.
             Hit by a large rock thrown by a stone giant (6 damage)
             ... on level 1 of the Depths.
             The game lasted 00:46:28 (23975 turns).

ololoev the Severer (Hill Orc Fighter)             Turns: 23975, Time: 00:46:29

Health: -1/204     AC: 21    Str: 31    XL:     15   Next: 9%
Magic:  14/27      EV: 10    Int:  8    God:    the Shining One [*****.]
Gold:   454        SH:  0    Dex: 13    Spells: 0 memorised, 14 levels left

rFire  . . .     SeeInvis .     a - +1 battleaxe
rCold  + . .     Gourm    .     l - +0 plate armour
rNeg   + + .     Faith    .     (shield currently unavailable)
rPois  .         Spirit   .     C - +0 helmet
rElec  .         Dismiss  .     u - +0 cloak
rCorr  .         Reflect  .     O - +1 pair of gloves {Dex+3}
SustAt .         Harm     .     (no boots)
MR     +....                    A - amulet of rage
Stlth  ..........               Q - ring of protection from cold
                                p - +2 ring of evasion

@: berserking (expiring), glowing, very quick, somewhat resistant to hostile
enchantments, extremely unstealthy
A: no striking features
a: Divine Shield, Cleansing Flame, Summon Divine Warrior, Renounce Religion,
Evoke Berserk Rage

Inventory:

Hand Weapons
 a - a +1 battleaxe (weapon)
Armour
 l - a +0 plate armour (worn)
 u - a +0 cloak (worn)
 C - a +0 helmet (worn)
 O - a +1 pair of gloves of dexterity (worn)
Jewellery
 p - a +2 ring of evasion (left hand)
 A - an amulet of rage (around neck)
 Q - a ring of protection from cold (right hand)
Wands
 b - a wand of acid (2/15)
 E - a wand of teleportation (5/9)
 I - a wand of iceblast (3/15)
 M - a wand of digging (15/24)
 N - a wand of disintegration (15/24)
Scrolls
 c - 2 scrolls of enchant armour {unknown}
 e - 3 scrolls of blinking
 k - 8 scrolls of remove curse
 n - 5 scrolls of fog
 r - a scroll of summoning
 t - a scroll of magic mapping
 w - a scroll of recharging
 y - 5 scrolls of teleportation
 B - 2 scrolls of identify
 L - 2 scrolls of enchant weapon
 S - a scroll of immolation
 V - a scroll of fear {unknown}
Potions
 d - 4 potions of might
 g - 6 potions of flight
 i - 6 potions of curing
 j - 3 potions of agility {unknown}
 o - a potion of berserk rage
 v - a potion of ambrosia
 x - a potion of haste
 z - 8 potions of heal wounds
 D - a potion of mutation {unknown}
 F - a potion of beneficial mutation {unknown}
 G - a potion of cancellation
 H - 2 potions of degeneration {unknown}
 K - a potion of cure mutation {unknown}
Comestibles
 f - 18 bread rations
 h - 3 slices of pizza
 m - 4 beef jerkies
 q - 3 meat rations
 s - 13 fruits
 J - 4 chunks of flesh


   Skills:
 + Level 13.3 Fighting
 * Level 18.9 Axes
 + Level 12.0 Armour
   Level 3.2 Shields
 * Level 16.4 Invocations
 - Level 6.1 Evocations


You had 14 spell levels left.
You didn't know any spells.


You were on level 1 of the Depths.
You worshipped the Shining One.
The Shining One was extremely pleased with you.
You were not hungry.

You visited 3 branches of the dungeon, and saw 17 of its levels.
You also visited: Sewer and Ossuary.

You collected 616 gold pieces.
You donated 162 gold pieces to Zin.

#......###(###........'.
#......#.(.# #........#.
#......).### #........#
#......### #........#
###'#### #........#
#..## #........ ##..#
######+ #####)#####
#.....(.@.# #....((...#
#...C(AA...#
......#p#.#.#
.##......p....#
#+##.#.#.#.## #.........
' #.#.# #.. ≈# ..... ##

Notes
Turn   | Place    | Note
--------------------------------------------------------------
     0 | D:1      | ololoev the Hill Orc Fighter began the quest for the Orb.
     0 | D:1      | Reached XP level 1. HP: 19/19 MP: 1/1
    65 | D:1      | Reached XP level 2. HP: 24/27 MP: 2/2
   135 | D:1      | Reached skill level 3 in Axes
   699 | D:2      | Reached XP level 3. HP: 33/33 MP: 3/3
  1051 | D:2      | Reached skill level 4 in Axes
  1183 | D:2      | Reached XP level 4. HP: 10/40 MP: 4/4
  1501 | D:3      | Noticed Natasha
  1509 | D:3      | Killed Natasha
  1734 | D:3      | Noticed Natasha
  1748 | D:3      | Killed Natasha
  1748 | D:3      | Reached skill level 5 in Axes
  1748 | D:3      | Reached XP level 5. HP: 43/47 MP: 5/5
  2019 | D:3      | Noticed Natasha
  2252 | D:3      | Killed Natasha
  2252 | D:3      | Reached skill level 5 in Fighting
  2252 | D:3      | Reached XP level 6. HP: 23/56 MP: 6/6
  2466 | D:4      | Noticed Robin
  2472 | D:4      | Killed Robin
  2472 | D:4      | Reached skill level 6 in Axes
  2610 | D:4      | Found a shimmering altar of Xom.
  2831 | D:4      | Found a glowing drain.
  2839 | Sewer    | Entered a sewer
  2920 | Sewer    | Reached skill level 5 in Armour
  2920 | Sewer    | Reached skill level 1 in Evocations
  2920 | Sewer    | Reached XP level 7. HP: 57/61 MP: 7/7
  2938 | Sewer    | Found a glowing silver altar of Zin.
  2945 | Sewer    | Became a worshipper of Zin the Law-Giver
  2945 | Sewer    | Reached * piety under Zin
  2951 | Sewer    | Donated 70 gold pieces to Zin
  3117 | D:4      | Found a bloodstained altar of Trog.
  3118 | D:4      | Noticed a wizard
  3124 | D:4      | Killed a wizard
  3509 | D:5      | Entered Level 5 of the Dungeon
  3513 | D:5      | Reached skill level 7 in Axes
  3567 | D:5      | Reached skill level 1 in Invocations
  3977 | D:5      | Reached XP level 8. HP: 66/70 MP: 9/9
  3989 | D:5      | Reached skill level 8 in Axes
  5250 | D:6      | Found a shattered altar of Ashenzari.
  5271 | D:6      | Found an iron altar of Okawaru.
  5353 | D:6      | Reached skill level 9 in Axes
  5795 | D:6      | Found a shadowy altar of Dithmenos.
  5935 | D:6      | Donated 69 gold pieces to Zin
  6057 | D:6      | Reached XP level 9. HP: 62/79 MP: 12/12
  6062 | D:6      | Found a staircase to the Ecumenical Temple.
  6075 | Temple   | Entered the Ecumenical Temple
  6211 | Temple   | Fell from the grace of Zin
  6211 | Temple   | Became a worshipper of the Shining One
  6342 | D:6      | Reached * piety under the Shining One
  6728 | D:7      | Reached skill level 10 in Axes
  6758 | D:7      | Reached skill level 5 in Invocations
  6798 | D:7      | Found a sand-covered staircase.
  6805 | Ossuary  | Entered an ossuary
  6814 | Ossuary  | Reached ** piety under the Shining One
  6865 | Ossuary  | Reached *** piety under the Shining One
  6914 | Ossuary  | Reached **** piety under the Shining One
  7153 | D:7      | Found a basalt altar of Yredelemnul.
  7174 | D:7      | Reached ***** piety under the Shining One
  7184 | D:7      | Reached skill level 11 in Axes
  7195 | D:7      | Reached XP level 10. HP: 35/88 MP: 5/14
  7534 | D:7      | Reached skill level 5 in Evocations
  7955 | D:7      | Found an oddly glowing altar of Pakellas.
  7989 | D:7      | Noticed skk's ghost (novice VSMo)
  8062 | D:7      | Killed skk's ghost
  8568 | D:8      | Found a staircase to the Lair.
  8853 | D:8      | Reached skill level 12 in Axes
  9010 | D:8      | Found an iron altar of Okawaru.
  9550 | D:8      | Found a blossoming altar of Fedhas.
  9722 | D:8      | Noticed Erolcha
  9742 | D:8      | Killed Erolcha
 10131 | D:9      | Reached XP level 11. HP: 97/97 MP: 16/16
 10263 | D:9      | Reached skill level 13 in Axes
 10932 | D:9      | Found a burning altar of Makhleb.
 10933 | D:9      | Found an ancient bone altar of Kikubaaqudgha.
 11234 | D:9      | Noticed Psyche
 11247 | D:9      | Killed Psyche
 11352 | D:10     | Entered Level 10 of the Dungeon
 11371 | D:10     | Found a portal to a secret trove of treasure.
 11382 | D:10     | Found a burning altar of Makhleb.
 11522 | D:10     | Noticed a hill giant
 11533 | D:10     | Killed a hill giant
 12358 | D:10     | Noticed an unseen horror
 12378 | D:10     | Killed an unseen horror
 12378 | D:10     | Reached skill level 10 in Fighting
 12378 | D:10     | Reached skill level 14 in Axes
 12820 | D:11     | Noticed a brown ugly thing
 12843 | D:11     | Killed a brown ugly thing
 12843 | D:11     | Reached skill level 10 in Invocations
 13101 | D:11     | Noticed a hill giant
 13119 | D:11     | Killed a hill giant
 13426 | D:11     | Reached XP level 12. HP: 82/105 MP: 19/19
 13593 | D:11     | Found a staircase to the Orcish Mines.
 14375 | D:11     | Reached skill level 15 in Axes
 14950 | D:11     | Noticed a centaur warrior
 14963 | D:11     | Killed a centaur warrior
 15124 | D:11     | Reached skill level 10 in Armour
 15592 | D:12     | Noticed a four-headed hydra
 15610 | D:12     | Killed a four-headed hydra
 16121 | D:12     | Reached XP level 13. HP: 72/115 MP: 22/22
 17000 | D:12     | Noticed Sonja
 17008 | D:12     | Killed Sonja
 17008 | D:12     | Reached skill level 16 in Axes
 17308 | D:12     | Found Cost's Food Boutique.
 17820 | D:13     | Found an opulent altar of Gozag.
 18949 | D:14     | Reached skill level 17 in Axes
 20001 | D:14     | Reached XP level 14. HP: 127/127 MP: 24/24
 20210 | D:14     | Found a gate to the Vaults.
 20527 | D:15     | Entered Level 15 of the Dungeon
 20872 | D:15     | Noticed a dire elephant
 20879 | D:15     | Killed a dire elephant
 20880 | D:15     | Found a staircase to the Depths.
 21593 | D:15     | Reached skill level 15 in Invocations
 21977 | D:15     | Reached skill level 18 in Axes
 22283 | Depths:1 | Entered Level 1 of the Depths
 22871 | Depths:1 | Noticed a tengu reaver
 23235 | Depths:1 | Killed a tengu reaver
 23903 | Depths:1 | Reached XP level 15. HP: 128/136 MP: 27/27
 23973 | Depths:1 | HP: 5/204 [stone giant/large rock (24)]
 23975 | Depths:1 | Hit by a large rock thrown by a stone giant

Dungeon Overview and Level Annotations

Branches:
Dungeon (15/15)            Temple (1/1) D:6            Lair (0/8) D:8
    Orc (0/2) D:11         Vaults (0/5) D:14         Depths (1/5) D:15

Altars:
Ashenzari
Cheibriados
Dithmenos
Elyvilon
Fedhas
Gozag
Kikubaaqudgha
Makhleb
Okawaru
Pakellas
Ru
Sif Muna
Trog
Vehumet
Xom
Yredelemnul
Zin
The Shining One

Shops:
D:12 %

Portals:
Trove: D:10 (give +3 storm dragon armour)


Message History

Things that are here:
a battleaxe of distortion; a plate armour A hell knight comes into view.
It is wielding a demon trident of flaming.
The hell knight shouts!
The stone giant throws a large rock.
The large rock hits you!!!
Your daeva blocks the hell knight's attack.
Your daeva hits the hell knight with a scimitar of holy wrath!!
Your daeva hits the hell knight with a scimitar of holy wrath!
The necromancer casts a spell.
The necromancer flickers and vanishes for a moment.
You see here a large rock.
Your daeva blocks the hell knight's attack.
The stone giant hits you but does no damage.
Your daeva calls down the wrath of the Shining One upon the necromancer.
The necromancer is smitten.
The necromancer dies!
The Shining One accepts your kill. The hell knight casts a spell at you.
The bolt of fire hits you! The bolt of fire hits your daeva.
Your daeva calls down the wrath of the Shining One upon the hell knight.
The hell knight is smitten.
The necromancer gestures wildly while chanting.
The necromancer flickers and vanishes for a moment.
Use which ability? (? or * to list)
You fail to use your ability.
Your daeva blocks the hell knight's attack.
The stone giant hits you but does no damage.
The hell knight barely misses you.
Your daeva hits the hell knight with a scimitar of holy wrath! x2
Your daeva blocks the hell knight's attack.
Unknown command.
Use which ability? (? or * to list)
A red film seems to cover your vision as you go berserk!
You feel yourself moving faster!
You feel mighty!
The stone giant hits you but does no damage.
The hell knight misses you.
The necromancer points at you and mumbles some strange words.
The bolt of fire hits the hell knight.
The hell knight completely resists.
The bolt of fire hits you!
The hell knight hits you but does no damage.
Your daeva blocks the hell knight's attack.
Your daeva hits the hell knight with a scimitar of holy wrath!
The hell knight dies!
The Shining One accepts your kill.
You slice the stone giant!!
The stone giant is moderately wounded.
You barely miss the hell knight.
The stone giant hits you but does no damage.
Your daeva hits the hell knight with an eudemon blade of holy wrath!
Your daeva closely misses the hell knight.
Unknown command.
You slice the stone giant!!
The stone giant is heavily wounded.
You slash the hell knight!
The hell knight is heavily wounded.
The hell knight hits you from afar with a demon trident of flaming!
The hell knight burns you.
The hell knight hits you but does no damage.
The stone giant throws a large rock.
The large rock hits your daeva! The stone giant hits you!!
You open the stone giant like a pillowcase!!!
The stone giant is almost dead.
You slash the hell knight!
The hell knight is severely wounded.
Your daeva hits the hell knight with an eudemon blade of holy wrath!!
The hell knight dies!
The Shining One accepts your kill.
You slash the stone giant!
You kill the stone giant!
The hell knight hits you from afar with a demon trident of flaming!
The hell knight burns you.
The stone giant throws a large rock.
The large rock hits you!!
Unknown command.
You swap places.
Your daeva calls down the wrath of the Shining One upon the hell knight.
The hell knight is smitten.
Unknown command.
You feel a strong urge to attack something.
The stone giant throws a large rock.
The large rock hits you.
You die...

You could see a stone giant, a hell knight, a necromancer (invisible) and 2 friendly daevas.

Vanquished Creatures
  A tengu reaver (Depths:1)
  A stone giant (Depths:1)
  A dire elephant (D:15)
  Erolcha (D:8)
  A rakshasa (Depths:1)
  An entropy weaver (D:15)
  6 centaur warriors
  3 deep troll earth magi (D:15)
  3 deep troll shamans
  Sonja (D:12)
  11 skeletal warriors
  3 iron trolls
  An unseen horror (D:10)
  3 deep trolls
  An anubis guard (shapeshifter) (D:14)
  8 hill giants
  A wolf spider zombie (D:15)
  An orc knight (D:15)
  The ghost of skk the Covert, a novice VSMo of Cheibriados (D:7)
  A cyclops (D:13)
  4 deep elf magi
  A wolf spider (D:15)
  10 ugly things
  3 manticores
  Psyche (D:9)
  3 gargoyles
  An efreet (D:15)
  2 komodo dragons
  5 trolls
  2 slime creatures (D:15)
  2 two-headed ogres (D:12)
  2 shadows (D:11)
  7 wraiths
  2 redbacks
  A spriggan (D:7)
  A tarantella (shapeshifter) (D:14)
  23 yaks
  4 wyverns
  A wyvern (shapeshifter) (D:15)
  A basilisk (D:14)
  5 hungry ghosts
  3 hippogriffs
  A water moccasin (D:13)
  2 black bears
  4 orc warriors
  4 sky beasts
  5 ice beasts
  A wasp (D:15)
  An eye of draining (D:10)
  A black bear (shapeshifter) (Depths:1)
  A necrophage (D:9)
  6 phantoms
  7 ogres
  18 centaurs
  5 big kobolds
  2 elf zombies (Ossuary)
  13 giant frogs
  2 wyvern zombies
  7 scorpions
  22 killer bees
  A howler monkey (D:9)
  4 wights
  An electric eel (D:15)
  7 crimson imps
  8 centaur zombies
  5 human zombies
  A quasit (D:7)
  A giant frog zombie (D:6)
  11 hounds
  6 jellies
  20 orc wizards
  8 centaur skeletons
  8 orc priests
  2 giant frog skeletons
  Natasha (thrice) (D:3)
  2 human skeletons (D:7)
  13 worker ants
  A big kobold zombie (Ossuary)
  A hound zombie (D:10)
  A hound skeleton (D:4)
  2 mummies (Ossuary)
  A worker ant zombie (D:8)
  Robin (D:4)
  19 adders
  5 gnolls
  2 river rats (Sewer)
  7 shadow imps
  3 adder zombies
  3 worms
  A dart slug (D:1)
  5 giant geckos
  55 orcs
  2 ball pythons
  11 bats
  7 giant cockroaches
  15 goblins
  13 hobgoblins
  8 jackals
  21 kobolds
  9 quokkas
  A giant gecko skeleton (D:4)
  3 giant newts
  A goblin zombie (Ossuary)
  10 hobgoblin zombies (Ossuary)
  2 jackal zombies (Ossuary)
  11 kobold zombies (Ossuary)
  8 orc zombies
  12 rats
  A plant (D:8)
579 creatures vanquished.

Vanquished Creatures (collateral kills)
  4 hydras
  3 hell knights (Depths:1)
  An orc knight (D:11)
  A necromancer (Depths:1)
  A deep elf mage (D:15)
  An ugly thing (D:15)
  A salamander (D:15)
  3 kobold demonologists (D:15)
  3 yaks (D:11)
  A sky beast (D:11)
  A big kobold (D:15)
  A giant frog (D:12)
  A quokka (D:11)
  A kobold (D:15)
23 creatures vanquished.

Vanquished Creatures (others)
  A wizard (D:4)
  2 fungi (D:10)
  13 plants (D:8)
16 creatures vanquished.

Grand Total: 618 creatures vanquished

Action                   |  1- 3 |  4- 6 |  7- 9 | 10-12 | 13-15 || total
-------------------------+-------+-------+-------+-------+-------++-------
Melee: War axe           |    95 |   214 |   418 |   779 |     9 ||  1515
       Battleaxe         |       |       |       |       |   470 ||   470
Invok: Recite            |       |       |     4 |       |       ||     4
       Donate Gold       |       |       |     2 |       |       ||     2
       Cleansing Flame   |       |       |     2 |    12 |     8 ||    22
       Summon Divine War |       |       |       |     3 |     7 ||    10
       Divine Shield     |       |       |       |     1 |       ||     1
 Abil: Evoke Berserk Rag |       |       |       |     7 |    13 ||    20
Evoke: Wand              |       |       |     6 |       |     6 ||    12
  Use: Potion            |       |       |       |     2 |     1 ||     3
       Scroll            |       |       |       |       |    22 ||    22
  Eat: Chunk             |       |     7 |    11 |    22 |    14 ||    54
       Royal jelly       |       |       |     1 |     1 |       ||     2
       Meat ration       |       |       |       |     4 |     5 ||     9
       Fruit             |       |       |       |       |     2 ||     2
Armor: Scale mail        |    45 |    93 |   149 |       |       ||   287
       Chain mail        |       |       |    48 |    84 |       ||   132
       Plate armour      |       |       |       |   375 |   268 ||   643
Dodge: Dodged            |    65 |   150 |   238 |   322 |   189 ||   964
Block: Other             |       |       |       |     3 |       ||     3

Vault maps used:
D:1:      enne_arrival_octagon_isle
D:3:      first_bread, uniq_natasha
D:4:      kennysheep_mini_moat, lightli_sewer_entry_pipes, minivault_1,
          trog_wizard, uniq_robin
D:5:      st_stairs_3
D:6:      okawaru_altar_gauntlet_db, lemuel_coloured_pillars_altar,
          nicolae_ashenzari_panopticon, minmay_temple_entry_large_hall
D:7:      lemuel_mausoleum_altar_yredelemnul, grunt_pakellas_salt,
          chequers_ossuary_entry_cave, minmay_misc_feat_five, the_bakery
D:8:      nicolae_overflow_hidden_temple, nicolae_overflow_crystal_walls,
          david_lair_shrubbed, hex_medium, lemuel_altar_in_water2, uniq_erolcha
D:9:      gammafunk_temple_overflow_pools, uniq_psyche
D:10:     old_forge, enter_trove_1, basic_altar
D:11:     minmay_quarter_circles, orc_0_dummy
D:12:     serial_shops, nicolae_shop_statue_plus, kennysheep_generic_room_15,
          uniq_sonja
D:13:     grunt_gozag_breadcrumbs
D:14:     david_vaults_4, hangedman_abyss_or_decor_stagger
D:15:     hangedman_depths_entry_try_elsewhere_first, minmay_misc_feat_doors
Temple:   chambers_temple_10
Depths:1: minmay_misc_feat_encased, hell_entry, spider_trap, grunt_ministairs_8,
          minmay_liquid_box, minmay_door_square, st_stairs_8,
          minmay_misc_feat_enclosed, minivault_16, tso_metal_star,
          uniq_asterion, uniq_norris
Sewer:    sewer_kobolds
Ossuary:  ossuary_tomb_1
